 Dungeon Crawl Stone Soup version 0.16.1-7-g2c6721e (webtiles) character file.

3271 abixa the Grappler (level 9, -3/92 HPs)
             Began as a Troll Monk on Mar 29, 2015.
             Slain by an orc warrior
             ... wielding a +0 war axe
              (8 damage)
             ... in a bailey.
             The game lasted 00:38:47 (6739 turns).

abixa the Grappler (Troll Monk)                     Turns: 6739, Time: 00:38:48

Health: -3/92      AC:  7    Str: 21    XL:     9   Next: 68%
Magic:  4/4        EV: 10    Int:  6    God:
Gold:   39         SH:  0    Dex: 15    Spells: 0 memorised, 8 levels left

rFire  . . .     SeeInvis .       - Unarmed
rCold  . . .     Clarity  .     a - +0 robe
rNeg   . . .     SustAb   .     (shield restricted)
rPois  .         Gourm    +     (helmet restricted)
rElec  .         Spirit   .     J - +1 cloak
rCorr  .         Warding  .     (gloves unavailable)
rMut   .         Stasis   .     (boots unavailable)
MR     .....                    h - amulet of faith
Stlth  +++.......               o - +4 ring of slaying
                                g - ring of stealth

@: not resistant to hostile enchantments, fairly stealthy
A: unfitting armour, claws 3, fast metabolism 3, gourmand, regeneration 2,
shaggy fur 1, tough skin 2
a: no special abilities


You were in a bailey.
You were not hungry.

You visited 2 branches of the dungeon, and saw 9 of its levels.
You also visited: Bailey.

You collected 319 gold pieces.
You spent 280 gold pieces at shops.

Inventory:

Missiles
 b - 28 tomahawks of returning (quivered)
 k - 50 poisoned needles
 S - 3 tomahawks
Armour
 a - a +0 robe (worn)
 J - a +1 cloak (worn)
Jewellery
 g - a ring of stealth (left claw)
 h - an amulet of faith (around neck)
 o - a +4 ring of slaying (right claw)
 H - an uncursed ring of positive energy
Magical devices
 y - a wand of random effects (0)
 C - a wand of paralysis (1)
 L - a wand of lightning (0)
 R - a wand of magic darts (0)
Scrolls
 f - 3 scrolls of fog
 i - 3 scrolls of teleportation
 l - a scroll of magic mapping
 p - a scroll of random uselessness {unknown}
 q - 3 scrolls of amnesia {unknown}
 r - 4 scrolls of immolation {unknown}
 t - 2 scrolls of fear {unknown}
 w - a scroll of enchant armour {unknown}
 E - 2 scrolls of enchant weapon {unknown}
 N - 2 scrolls of remove curse {unknown}
 P - a scroll of blinking
Potions
 d - a potion of heal wounds
 e - 2 potions of agility
 n - 2 potions of might
 s - 2 potions of flight
 v - a potion of magic
 x - a potion of invisibility {unknown}
 A - 2 potions of haste
 F - a potion of mutation {unknown}
 G - a potion of restore abilities {unknown}
 K - 2 potions of ambrosia
Comestibles
 j - a beef jerky
 u - 2 fruits


   Skills:
 + Level 6.8 Fighting
 - Level 2.4 Dodging
 - Level 1.1 Stealth
 * Level 11.9 Unarmed Combat


You had 8 spell levels left.
You didn't know any spells.

Dungeon Overview and Level Annotations

Branches:
Dungeon (8/15)             Temple (1/1) D:5            Lair (0/8) D:8

Altars:
Ashenzari
Cheibriados
Dithmenos
Elyvilon
Fedhas
Gozag
Kikubaaqudgha
Makhleb
Nemelex Xobeh
Qazlal
Ru
Sif Muna
Trog
Vehumet
Xom
Yredelemnul
Zin
The Shining One

Shops:
D:4 *?:?*   D:8 =


Innate Abilities, Weirdness & Mutations

You are too large for most types of armour.
You have claws for hands.
Your metabolism is lightning-fast.
You like to eat raw meat.
You heal very quickly.
You are covered in fur (AC +1).
You have very tough skin (AC +2).


Message History

The orc warrior is heavily wounded.
The hobgoblin closely misses you.
You closely miss the orc warrior.
The orc warrior is heavily wounded.
The orc warrior hits you with a war axe!!
* * * LOW HITPOINT WARNING * * *
The hobgoblin hits you but does no damage.
Evoke which item? (* to show all) (? for menu, Esc to quit)
Zapping:
C - a wand of paralysis {zapped: 15} (will waste charges)
Press: ? - help, Shift-Dir - straight line, f - orc warrior, p - hobgoblin
Aim: an orc warrior, wielding a war axe and wearing a ring mail (heavily wounded, consumed by blood-lust, bleeding, chance 46%)
Okay, then.
Unknown command.
The hobgoblin hits you with a hand axe.
* * * LOW HITPOINT WARNING * * *
You closely miss the orc warrior.
The orc warrior is heavily wounded.
The orc warrior is no longer bleeding.
The orc warrior hits you with a war axe!
You die...

#####
###@∩(###
#^#og)#^#
###)∩(###
######(######
#....≈.≈....#
#'###≈)≈###'#
#^...≈(≈....
#'###≈)≈###'#
#....≈)≈(.((#


You could see an orc warrior (frenzied) and a hobgoblin.

Vanquished Creatures
  The ghost of giann the Skirmisher, an experienced GrFi of the Shining One (D:6)
  2 orc knights (Bailey)
  2 orc warriors (D:6)
  A porcupine (D:8)
  2 ice beasts
  A sky beast (D:6)
  A phantom (D:7)
  A centaur (D:5)
  A crocodile (D:8)
  A giant frog (D:4)
  A big kobold (D:8)
  6 crimson imps
  2 hounds
  A goliath beetle (D:7)
  A giant frog skeleton (D:4)
  A jelly (D:5)
  A gnoll shaman (D:4)
  2 orc priests (D:6)
  A centaur skeleton (D:4)
  2 worker ants
  6 orc wizards
  2 iguanas
  Ijyb (D:3)
  Terence (D:3)
  A hound skeleton (D:5)
  Robin (D:1)
  13 gnolls
  10 adders
  3 shadow imps
  4 worms
  An adder skeleton (D:6)
  2 giant geckos
  An ooze (D:2)
  13 orcs
  2 ball pythons (D:3)
  A bat zombie (D:6)
  26 goblins
  19 hobgoblins
  7 jackals
  3 quokkas
  14 bats
  5 giant newts
  A jackal zombie (D:5)
  27 kobolds
  14 rats
209 creatures vanquished.

Notes
Turn   | Place    | Note
--------------------------------------------------------------
     0 | D:1      | abixa, the Troll Monk, began the quest for the Orb.
     0 | D:1      | Reached XP level 1. HP: 22/22 MP: 1/1
   144 | D:1      | Reached XP level 2. HP: 29/29 MP: 1/1
   493 | D:2      | Noticed Robin
   524 | D:1      | Killed Robin
   524 | D:1      | Reached skill level 5 in Unarmed Combat
   524 | D:1      | Reached XP level 3. HP: 12/36 MP: 2/2
   705 | D:2      | Reached XP level 4. HP: 44/44 MP: 2/2
  1060 | D:2      | Reached skill level 6 in Unarmed Combat
  1366 | D:3      | Reached XP level 5. HP: 37/50 MP: 2/2
  1420 | D:3      | Noticed Terence
  1428 | D:3      | Noticed Ijyb
  1438 | D:3      | Killed Ijyb
  1445 | D:3      | Killed Terence
  1864 | D:4      | Found Vacsuceze's Book Emporium.
  1892 | D:4      | Reached XP level 6. HP: 61/61 MP: 3/3
  1998 | D:4      | Found Reomm's Magic Scroll Boutique.
  2006 | D:4      | Bought a scroll of identify for 28 gold pieces
  2006 | D:4      | Bought a scroll of fog for 28 gold pieces
  2006 | D:4      | Bought a scroll of noise for 14 gold pieces
  2038 | D:4      | Found Roifeoz's Assorted Antiques.
  2131 | D:4      | Found Gaagewne's Assorted Antiques.
  2145 | D:4      | Found Paumnughuf's Magic Scroll Emporium.
  2166 | D:4      | Reached skill level 7 in Unarmed Combat
  2496 | D:5      | Entered Level 5 of the Dungeon
  2569 | D:4      | Bought a scroll of teleportation for 42 gold pieces
  2680 | D:5      | Got a crude short sword
  2774 | D:5      | Reached XP level 7. HP: 66/68 MP: 3/3
  2914 | D:5      | Reached skill level 8 in Unarmed Combat
  3248 | D:5      | Found a staircase to the Ecumenical Temple.
  3254 | Temple   | Entered the Ecumenical Temple
  3704 | D:5      | Found a shimmering altar of Xom.
  3984 | D:5      | Reached skill level 9 in Unarmed Combat
  4102 | D:5      | Reached XP level 8. HP: 79/79 MP: 3/3
  4589 | D:6      | Noticed giann's ghost (experienced GrFi)
  4638 | D:6      | Killed giann's ghost
  4638 | D:6      | Reached skill level 5 in Fighting
  4638 | D:6      | Reached skill level 10 in Unarmed Combat
  5446 | D:4      | Bought a scroll of blinking for 97 gold pieces
  5446 | D:4      | Bought a scroll of magic mapping for 45 gold pieces
  5446 | D:4      | Bought a scroll of identify for 26 gold pieces
  5644 | D:7      | Reached XP level 9. HP: 89/89 MP: 4/4
  6214 | D:8      | Reached skill level 11 in Unarmed Combat
  6215 | D:8      | Found a staircase to the Lair.
  6217 | D:8      | Noticed a komodo dragon
  6275 | D:8      | Found Shey's Jewellery Boutique.
  6335 | D:8      | Found a flagged portal.
  6354 | Bailey   | Entered a bailey
  6378 | Bailey   | Noticed an orc knight
  6390 | Bailey   | Killed an orc knight
  6404 | Bailey   | Noticed an orc knight
  6732 | Bailey   | Killed an orc knight
  6738 | Bailey   | HP: 4/92 [hobgoblin/hand axe (2)]
  6739 | Bailey   | Slain by an orc warrior

Action                   |  1- 3 |  4- 6 |  7- 9 || total
-------------------------+-------+-------+-------++-------
Melee: Unarmed           |    67 |   185 |   212 ||   464
Throw: Stone             |    11 |    48 |   166 ||   225
Evoke: Wand              |       |       |    19 ||    19
  Use: Scroll            |       |       |     9 ||     9
 Stab: Sleeping          |       |     3 |     8 ||    11
       Confused          |       |       |     1 ||     1
  Eat: Chunk             |    12 |    12 |    36 ||    60
